 Dungeon Crawl Stone Soup version 0.19.1 (webtiles) character file.

134 HarryHood the Cudgeler (level 4, -1/41 HPs)
             Began as a Minotaur Berserker on Nov 27, 2016.
             Was a Believer of Trog.
             Slain by a gnoll
             ... wielding a +0 spear
              (5 damage)
             ... on level 3 of the Dungeon.
             The game lasted 00:07:31 (1944 turns).

HarryHood the Cudgeler (Minotaur Berserker)         Turns: 1944, Time: 00:07:31

Health: -1/41      AC:  5    Str: 22    XL:     4   Next: 95%
Magic:  3/3        EV: 11    Int:  4    God:    Trog [**....]
Gold:   188        SH:  0    Dex: 10    Spells: 0 memorised, 3 levels left

rFire  . . .     SeeInvis +     a - +1 mace
rCold  . . .     Gourm    .     k - +0 ring mail
rNeg   . . .     Faith    .     (no shield)
rPois  .         Spirit   .     (helmet restricted)
rElec  .         Reflect  .     (no cloak)
rCorr  .         Harm     .     (no gloves)
MR     .....                    (no boots)
Stlth  ..........               (no amulet)
                                (no ring)
                                b - ring of see invisible

@: no status effects
A: retaliatory headbutt, horns 2
a: Berserk, Trog's Hand, Burn Spellbooks, Renounce Religion


You were on level 3 of the Dungeon.
You worshipped Trog.
Trog was pleased with you.
You were not hungry.

You visited 1 branch of the dungeon, and saw 3 of its levels.

You collected 188 gold pieces.

Inventory:

Hand Weapons
 a - a +1 mace (weapon)
Armour
 k - a +0 ring mail (worn)
Jewellery
 b - a ring of see invisible (left hand)
Wands
 o - a wand of disintegration (18/24)
Scrolls
 i - a scroll of remove curse {unknown}
 l - 4 scrolls of identify
Potions
 d - a potion of heal wounds {unknown}
 e - 3 potions of curing
 f - a potion of lignification {unknown}
 g - 2 potions of brilliance {unknown}
 h - a potion of berserk rage {unknown}
 j - a potion of haste {unknown}
 n - 2 potions of degeneration {unknown}
Comestibles
 c - 3 bread rations


   Skills:
 * Level 4.6 Fighting
 - Level 6.1 Maces & Flails
 - Level 2.4 Armour
 - Level 2.1 Dodging


You had 3 spell levels left.
You didn't know any spells.

Dungeon Overview and Level Annotations

Branches:
Dungeon (3/15)

Altars:
Elyvilon
Trog


Innate Abilities, Weirdness & Mutations

You reflexively headbutt those who attack you in melee.
You have a pair of horns on your head.


Message History

You closely miss the gnoll. Your headbutt misses the gnoll.
The gnoll is severely wounded.
The gnoll hits you. The gnoll barely misses you.
The gnoll hits you but does no damage. The gnoll completely misses you.
You furiously retaliate!
You headbutt the gnoll! You barely miss the gnoll. You headbutt the gnoll.
You kill the gnoll!
Trog accepts your kill. The gnoll hits you but does no damage.
The gnoll hits you. The gnoll closely misses you. x2
There is a stone staircase leading down, spattered with blood here.
Things that are here:
a spear; a gnoll corpse The gnoll hits you from afar with a spear.
* * * LOW HITPOINT WARNING * * *
The gnoll hits you!
* * * LOW HITPOINT WARNING * * *
The gnoll hits you but does no damage.
The gnoll hits you from afar with a spear.
You die...

..### ... #.##
###########..#
#..........#.## #
#.###.........# .#
#.###.###..##.## #.##
#..........##..##...##.#
#####.####..)>g.@.[....#
#####.# #####g.#...####
.))...# ##.##.## #####.#
#.# .# .. .... ... .
≈≈≈≈≈≈≈≈≈≈ ...≈ ≈≈
≈≈≈≈≈≈≈≈≈≈≈≈ ....≈≈ ≈≈
#≈≈≈≈≈≈≈≈≈≈≈ ....≈≈≈≈≈≈
...........


You could see 2 gnolls.

Vanquished Creatures
  Ijyb (D:2)
  2 gnolls (D:3)
  3 adders
  2 oozes
  A worm (D:2)
  2 dart slugs
  2 leopard geckos (D:1)
  An orc (D:3)
  2 giant cockroaches
  4 goblins
  9 hobgoblins
  4 jackals (D:3)
  4 kobolds
  4 bats
  3 frilled lizards (D:3)
  2 rats
46 creatures vanquished.

Notes
Turn   | Place    | Note
-------+----------+-------------------------------------------
     0 | D:1      | HarryHood the Minotaur Berserker began the quest for the Orb.
     0 | D:1      | Reached XP level 1. HP: 19/19 MP: 0/0
    33 | D:1      | Reached skill level 4 in Maces & Flails
   108 | D:1      | Reached XP level 2. HP: 24/26 MP: 1/1
   550 | D:1      | Reached skill level 5 in Maces & Flails
   731 | D:2      | Reached XP level 3. HP: 31/31 MP: 2/2
  1127 | D:2      | Found a bloodstained altar of Trog.
  1177 | D:2      | Noticed Ijyb
  1189 | D:2      | Killed Ijyb
  1189 | D:2      | Reached skill level 6 in Maces & Flails
  1189 | D:2      | Reached XP level 4. HP: 36/39 MP: 3/3
  1576 | D:3      | Found a white marble altar of Elyvilon.
  1680 | D:3      | Reached ** piety under Trog
  1944 | D:3      | Slain by a gnoll

Skill      XL: |  1  2  3  4 |
---------------+-------------+-----
Maces & Flails | 4 5 6 |  6.1
Fighting       | 4 |  4.6
Armour         | |  2.4
Dodging        | |  2.1

Action                   |  1- 3 |  4- 6 || total
-------------------------+-------+-------++-------
Melee: Mace              |    67 |    36 ||   103
       Headbutt          |    10 |     9 ||    19
  Use: Scroll            |     3 |       ||     3
  Eat: Chunk             |     1 |     2 ||     3
Armor: Animal skin       |     2 |       ||     2
       Ring mail         |    14 |    15 ||    29
Dodge: Dodged            |    21 |    23 ||    44
